 Dungeon Crawl Stone Soup version 0.31-a0-202-g547052bce9 (webtiles) character file.

Game seed: 1733742213251321286

100 qw the Shooter (level 4, -4/25 HPs)
             Began as a Deep Elf Hunter on June 26, 2023.
             Slain by an orc
             ... wielding a +0 flail
              (6 damage)
             ... on level 3 of the Dungeon.
             The game lasted 00:00:39 (1823 turns).

qw the Shooter (Deep Elf Hunter)                    Turns: 1823, Time: 00:00:40

Health: -4/25      AC:  6    Str: 10    XL:     4   Next: 46%
Magic:  6/6        EV: 12    Int: 14    God:
Gold:   114        SH:  0    Dex: 24    Spells: 3/3 levels left

rFire   . . .        Y - +0 shortbow
rCold   . . .        (shield currently unavailable)
rNeg    . . .        g - +0 ring mail
rPois   .            (no helmet)
rElec   .            (no cloak)
rCorr   .            (no gloves)
SInv    .            e - +0 pair of boots
Will    .....        (no amulet)
Stlth   ++           f - +6 ring of dexterity
HPRegen 0.24/turn    (no ring)
MPRegen 0.10/turn

%: no passive effects
@: no status effects
A: no striking features
a: no special abilities


You were on level 3 of the Dungeon.
You visited 1 branch of the dungeon, and saw 3 of its levels.

You collected 114 gold pieces.


   Skills:
 - Level 1.5 Fighting
 + Level 7.6 Ranged Weapons
 - Level 3.0 Dodging
 - Level 1.2 Stealth


You had 3 spell levels left.
You didn't know any spells.
Your spell library was empty.

Inventory:

Hand Weapons
 Y - a +0 shortbow (weapon)
Armour
 e - a +0 pair of boots (worn)
 g - a +0 ring mail (worn)
Jewellery
 f - a +6 ring of dexterity (left hand)
Scrolls
 a - a scroll of vulnerability {unknown}
 b - a scroll of identify
 c - a scroll of silence {unknown}
Potions
 h - a potion of might

Dungeon Overview and Level Annotations

Branches:
Dungeon (3/15)

Altars:


Message History

Enter note:
Enter note: You shoot an arrow.
The arrow barely misses the orc.
The orc shouts!
The arrow hits the orc!
You kill the orc!
An orc comes into view. It is wielding a +0 flail.
You shoot an arrow. The arrow closely misses the orc.
The arrow barely misses the orc priest.
The arrow barely misses the orc.
You shoot an arrow. The arrow hits the orc.
The orc is severely wounded.
You shoot an arrow. The arrow hits the orc.
You kill the orc!
You shoot an arrow.
The arrow closely misses the orc priest.
The orc priest calls down the wrath of Beogh upon you.
Pain shoots through your body!
You shoot an arrow.
The arrow hits the orc priest but does no damage.
You shoot an arrow.
The arrow hits the orc priest but does no damage.
You shoot an arrow. The arrow hits the orc priest.
The orc priest is moderately wounded.
The orc priest hits you with a +0 dagger.
The orc barely misses you.
The orc priest hits you but does no damage.
The orc closely misses you.
You shoot an arrow. The arrow hits the orc priest!
The orc priest is almost dead.
The orc priest hits you with a +0 dagger.
The orc hits you with a +0 flail.
You shoot an arrow. The arrow hits the orc priest.
The orc priest is almost dead.
The orc priest hits you but does no damage.
The orc barely misses you.
You shoot an arrow.
The arrow closely misses the orc priest.
The orc priest calls down the wrath of Beogh upon you.
Beogh smites you! The orc hits you with a +0 flail.
You die...

...........#
.........#.##...)......
.........#.#..........
......................
.........##...#......
................)..#
#####..............#####
.####.###......oo.......
................@..####
##..........#...........
...###.##.#..........###
### #.##.#..#....####
#.##...##....#
#.##.#####...# #..#.#
#...# #....# ###..#
...#.# ..#


You could see an orc priest and an orc.

Vanquished Creatures
  6 adders (D:2)
  2 dart slugs
  3 orcs (D:3)
  2 endoplasms (D:2)
  2 giant cockroaches
  4 goblins
  5 hobgoblins
  2 jackals (D:1)
  A quokka (D:2)
  3 ball pythons
  4 bats
  A frilled lizard (D:2)
  3 kobolds
  3 rats
41 creatures vanquished.

Notes
Turn   | Place    | Note
-------+----------+-------------------------------------------
     0 | D:1      | qw the Deep Elf Hunter began the quest for the Orb.
     0 | D:1      | Reached XP level 1. HP: 12/12 MP: 3/3
     0 | D:1      | 0 ||| qw: Version: 0.3-a-22-g0ed2b0b
     0 | D:1      | 0 ||| qw: Game counter: 6147
     0 | D:1      | 0 ||| qw: Melee chars always use a shield: true
     0 | D:1      | 0 ||| qw: God list: Okawaru
     0 | D:1      | 0 ||| qw: Allow faded altars: false
     0 | D:1      | 0 ||| qw: Do Orc after clearing Dungeon:15 true
     0 | D:1      | 0 ||| qw: Do second Lair branch before Depths: true
     0 | D:1      | 0 ||| qw: Lair rune preference: random
     0 | D:1      | 0 ||| qw: Goals: Normal
     0 | D:1      | 0 ||| PLANNING D:1-11
   291 | D:1      | Reached skill level 6 in Ranged Weapons
   291 | D:1      | Reached XP level 2. HP: 16/16 MP: 4/4
   790 | D:1      | 790 ||| UPGRADING to +0 pair of boots.
   795 | D:1      | 795 ||| UPGRADING to +6 ring of dexterity.
   796 | D:1      | 796 ||| READING scroll labelled EVAILA JEMMANUCE.
   797 | D:1      | 797 ||| DRINKING 2 smoky black potions.
   798 | D:1      | 798 ||| DROPPING scroll of butterflies.
   799 | D:1      | 799 ||| DROPPING potion of attraction.
   967 | D:2      | Reached XP level 3. HP: 20/20 MP: 5/5
  1047 | D:2      | Reached skill level 7 in Ranged Weapons
  1270 | D:2      | Reached skill level 3 in Dodging
  1352 | D:2      | Reached XP level 4. HP: 25/25 MP: 6/6
  1665 | D:2      | 1665 ||| UPGRADING to +0 ring mail.
  1675 | D:2      | 1675 ||| DROPPING +0 leather armour.
  1676 | D:2      | 1676 ||| READING scroll labelled PUILUA INILUEPH.
  1677 | D:2      | 1677 ||| READING 2 scrolls labelled LUTAITW TOQOSY.
  1678 | D:2      | 1678 ||| READING 3 scrolls of identify.
  1678 | D:2      | 1678 ||| IDENTIFYING glowing amethyst potion
  1679 | D:2      | 1679 ||| READING 2 scrolls of identify.
  1679 | D:2      | 1679 ||| IDENTIFYING orange potion
  1680 | D:2      | 1680 ||| DROPPING scroll of revelation.
  1681 | D:2      | 1681 ||| DROPPING potion of degeneration.
  1772 | D:3      | 1772 ||| FLEEEEING.
  1823 | D:3      | HP: 2/25 [orc priest/divine providence (10)]
  1823 | D:3      | Slain by an orc

Levels and vault maps discovered:
D:1:      matt_arrival_grand_opening, layout_loops_corners
D:2:      layout_basic
D:3:      layout_rooms

Skill      XL: |  1  2  3 |
---------------+----------+-----
Ranged Weapons | 6 7 |  7.6
Dodging        | 3 |  3.0
Fighting       | |  1.5
Stealth        | |  1.2

Action                     |  1- 3 |  4- 6 || total
---------------------------+-------+-------++-------
   Fire: Shortbow          |    79 |    37 ||   116
    Use: Scroll            |     1 |     4 ||     5
         Potion            |     1 |       ||     1
 Armour: Leather armour    |     3 |       ||     3
         Ring mail         |       |     4 ||     4
  Dodge: Dodged            |    15 |     6 ||    21

Table legend:
 A = Non-vault XP
 B = Vault XP
 C = Vault XP percentage of total XP
 D = Non-vault monster count
 E = Vault monster count
 F = Vault count percentage of total count
                 A         B        C        D         E       F
            +---------+---------+-------+---------+---------+-------
      Total |     143 |       0 |   0.0 |      41 |       0 |   0.0
            +---------+---------+-------+---------+---------+-------
        D:1 |      24 |       0 |   0.0 |      13 |       0 |   0.0
        D:2 |     103 |       0 |   0.0 |      22 |       0 |   0.0
        D:3 |      16 |       0 |   0.0 |       6 |       0 |   0.0
            +---------+---------+-------+---------+---------+-------
